 Dungeon Crawl Stone Soup version 0.30-a0-718-geaa24f58ff (webtiles) character file.

Game seed: 17543038576712485252

25076 Newt the Markskobold (level 13, -4/71 HPs)
             Began as a Kobold Hunter on Jan 25, 2023.
             Was a Believer of Hepliaklqana.
             Slain by a komodo dragon (19 damage)
             ... on level 1 of the Lair of Beasts.
             The game lasted 00:16:35 (13556 turns).

Newt the Markskobold (Kobold Hunter)               Turns: 13556, Time: 00:16:36

Health: -4/71      AC:  8    Str:  9    XL:     13   Next: 47%
Magic:  22/22      EV: 26    Int:  6    God:    Hepliaklqana [**....]
Gold:   468        SH:  0    Dex: 28    Spells: 24/24 levels left

rFire   . . .      SeeInvis .    I - +4 arbalest (flame)
rCold   + + .      Faith    .    (shield currently unavailable)
rNeg    . . .      Spirit   .    U - +2 ring mail {rC+}
rPois   .          Reflect  .    z - +0 hat
rElec   +          Harm     .    D - scarf {+Inv}
rCorr   .          Rampage  .    (no gloves)
Will    .....                    (no boots)
Stlth   +++                      j - amulet of regeneration
HPRegen 1.11/turn                P - ring of Sunlight {rElec rC+ Str+2 Int-5 Dex+6}
MPRegen 0.18/turn                V - +5 ring of evasion

@: lethally poisoned (-4 -> -5)
A: reduced essence, small, no large weapons, nightstalker 3, hooves 2, weak 1
a: Renounce Religion, Evoke Invisibility, Recall Ancestor, Ancestor Identity


You were on level 1 of the Lair of Beasts.
You worshipped Hepliaklqana.
Hepliaklqana was pleased with you.
You visited 2 branches of the dungeon, and saw 12 of its levels.
You also visited: Sewer and Ice Cave.

You collected 847 gold pieces.
You spent 379 gold pieces at shops.

Inventory:

Hand Weapons
 a - a +2 heavy shortbow
 x - the +7 hand axe of the Extremes {spect, rCorr Int+4}
   (You found it on level 5 of the Dungeon)

   Int:       It affects your intelligence (+4).
   rCorr:     It protects you from acid and corrosion.
 I - a +4 arbalest of flaming (weapon)
 Y - a +0 demon blade of freezing
Missiles
 k - 5 silver javelins
 w - 5 throwing nets
Armour
 c - a +0 leather armour
 z - a +0 hat (worn)
 B - an orb of light
 D - a scarf of invisibility (worn)
 H - a +3 chain mail
 L - a +1 troll leather armour
 M - +0 swamp dragon scales
 N - a +1 scale mail of fire resistance
 U - a +2 ring mail of cold resistance (worn)
 Z - a +0 buckler of cold resistance
Jewellery
 d - a ring of magical power
 f - a ring of flight
 j - an amulet of regeneration (around neck)
 m - a ring of positive energy
 p - an amulet of guardian spirit
 r - a +4 ring of protection
 A - a +4 ring of protection
 E - the ring of Vanym {Will- rCorr AC+4 Int+2 Dex+3}
   (You found it in an ice cave)

   [ring of protection]

   AC:        It affects your AC (+4).
   Int:       It affects your intelligence (+2).
   Dex:       It affects your dexterity (+3).
   rCorr:     It protects you from acid and corrosion.
   Will:      It decreases your willpower.
 J - a ring of wizardry
 K - a ring of magical power
 P - the ring of Sunlight (left hand) {rElec rC+ Str+2 Int-5 Dex+6}
   (You found it in an ice cave)

   [ring of protection from cold]

   Str:       It affects your strength (+2).
   Int:       It affects your intelligence (-5).
   Dex:       It affects your dexterity (+6).
   rC:        It protects you from cold.
   rElec:     It insulates you from electricity.
 V - a +5 ring of evasion (right hand)
 W - an amulet of magic regeneration
Wands
 q - a wand of charming (4)
 s - a wand of roots (22)
 y - a wand of flame (40)
 G - a wand of mindburst (12)
Scrolls
 b - 5 scrolls of immolation
 i - 4 scrolls of teleportation
 F - a scroll of fog
 O - 2 scrolls of silence
 Q - a scroll of brand weapon
 S - a scroll of enchant armour
 T - a scroll of identify
Potions
 e - 5 potions of attraction
 g - 2 potions of haste
 h - a potion of magic
 l - 2 potions of cancellation
 n - 4 potions of flight
 o - 4 potions of degeneration
 t - 6 potions of brilliance
 u - a potion of berserk rage
 v - 2 potions of lignification
 C - 2 potions of invisibility
 R - 2 potions of curing
 X - 2 potions of ambrosia


   Skills:
 + Level 8.5 Fighting
 - Level 18.0 Ranged Weapons
 - Level 6.0 Armour
 - Level 10.0 Dodging
 - Level 1.3 Stealth
 - Level 6.0 Spellcasting
 - Level 5.0 Invocations
 - Level 10.0 Evocations


You had 24 spell levels left.
You didn't know any spells.
Your spell library contained the following spells:

 Spells                   Type           Power      Damage    Failure   Level
 Apportation              Tloc           2%         N/A       54%         1
 Necrotise                Necr           4%         1d4       54%         1
 Sting                    Tmut/Pois      4%         1d3       54%         1
 Summon Small Mammal      Summ           4%         N/A       54%         1
 Blink                    Tloc           2%         N/A       69%         2
 Lesser Beckoning         Tloc           2%         N/A       69%         2
 Momentum Strike          Conj/Tloc      2%         3d8       69%         2
 Poisonous Vapours        Pois/Air       2%         N/A       69%         2
 Call Canine Familiar     Summ           1%         N/A       89%         3
 Dazzling Flash           Conj/Hex       2%         N/A       89%         3
 Frozen Ramparts          Ice            2%         1d1       89%         3
 Ignite Poison            Fire/Tmut/Pois 1%         N/A       89%         3
 Kindle Blastsparks       Fire/Tloc/Air  2%         2d10      89%         3
 Stone Arrow              Conj/Erth      2%         3d7       89%         3
 Summon Guardian Golem    Hex/Summ       1%         N/A       89%         3
 Animate Armour           Summ/Erth      2%         N/A       100%        4
 Fulminant Prism          Conj/Hex       0%         3d5       100%        4
 Iskenderun's Mystic Bla  Conj/Tloc      1%         2d3       100%        4
 Manifold Assault         Tloc           1%         N/A       100%        4
 Olgreb's Toxic Radiance  Pois           1%         N/A       100%        4
 Agony                    Necr           1%         N/A       100%        5
 Alistair's Intoxication  Tmut/Pois      0%         N/A       100%        5
 Blade Hands              Tmut           0%         N/A       100%        5
 Freezing Cloud           Conj/Ice/Air   0%         6-21      100%        5
 Iskenderun's Battlesphe  Conj           1%         2d6       100%        5
 Lee's Rapid Deconstruct  Erth           0%         3d4*      100%        5
 Silence                  Hex/Air        0%         N/A       100%        5
 Yara's Violent Unravell  Hex/Tmut       0%         3d3       100%        5
 Iron Shot                Conj/Erth      0%         9d1       100%        6
 Enfeeble                 Hex            0%         N/A       100%        7
 Ozocubu's Refrigeration  Ice            0%         4d7       100%        7
 Spellforged Servitor     Conj/Summ      0%         N/A       100%        7
 Storm Form               Tmut/Air       0%         N/A       100%        7
 Lehudib's Crystal Spear  Conj/Erth      0%         10d2      100%        8
 Polar Vortex             Ice            0%         N/A       100%        9


Dungeon Overview and Level Annotations

Branches:
Dungeon (11/15)            Temple (0/1) D:7            Lair (1/5) D:11
  Sewer (visited)           IceCv (visited)
    Orc: D:9-12

Altars:
Ashenzari
Cheibriados
Elyvilon
Hepliaklqana
Nemelex Xobeh
Sif Muna
Vehumet
Xom
Zin

Shops:
D:4 (   D:6 *   D:9 ?   D:10 (*   D:11 [

Annotations:
D:3 2 transporters


Innate Abilities, Weirdness & Mutations

Your life essence is reduced to manifest your ancestor. (-10% HP)
You are small and have problems with some larger weapons.
You are completely attuned to the shadows.
You have hoof-like feet.
You are weak. (Str -2)


Message History

A komodo dragon comes into view.
The wolf completely misses you.
The water moccasin bites you but does no damage.
Amnanu closely misses the water moccasin.
You shoot a bolt. The bolt hits the water moccasin!
The bolt burns the water moccasin.
The water moccasin is severely wounded.
You feel very sick. The wolf bites you but does no damage.
The water moccasin barely misses you.
The water moccasin bites you but does no damage.
The wolf closely misses you. The water moccasin misses you.
Amnanu hits the water moccasin with a +0 flail!
The water moccasin completely misses you.
You shoot a bolt. The bolt misses the water moccasin.
You feel sick. The wolf misses you.
The water moccasin completely misses you. x2
Amnanu hits the water moccasin with a +0 flail!
The wolf barely misses you.
You shoot a bolt. The bolt hits the water moccasin!!!
The bolt burns the water moccasin.
You kill the water moccasin!
You feel sick. The water moccasin misses you.
The wolf pauses to sniff the ground.
The wolf misses you.
Amnanu hits the wolf with a +0 flail.
The water moccasin bites you! The wolf completely misses you.
The steam dragon misses you. The steam dragon barely misses you.
The komodo dragon bites you!!
* * * LOW HITPOINT WARNING * * *
You are too injured to fight recklessly!
You are too injured to fight recklessly!
You are too injured to fight recklessly!
You are too injured to fight recklessly!
Unknown command.
You shoot a bolt. The bolt hits the komodo dragon!
The bolt burns the komodo dragon.
The komodo dragon is moderately wounded.
You feel sick. The wolf closely misses you.
The water moccasin barely misses you.
Amnanu hits the wolf with a +0 flail!
The wolf completely misses you. The komodo dragon bites you!!
You die...

##...............#..#...##.#.....
............#..#...PP...##.#....R
#..#..#.#...#..P......P..#.#.....
...#.#..#...##......#...#..#.....
.....##.....##.#...#.,,....<.#...
...#.#..#...##.#....#,*.##...#...
...#.#P.#......#...#.,,,*#.#.#...
...#.~~,,,,....SRD..#,*,.....#...
...#~.~~~,,....#@h.†.,*,...P...#.
...#,~~~*,,....#l#...,*,,,,*,,,*,
.....**,,,,..........,,,,,,*,,,~,
.....**,,,,......#.,.,*,,,,,,,,~~
.....**,*,,,,..#.#..,,*,,,,,,,,~~
...#,**,*,,,,,,,,*,,,,,,,,,,,,,,~
...#,,,,,,,,,,,,,,,,,,,,,,,,,,,,~
....,,*,*,,,,,,,,,,,,,*,,,,*,,,~~
....,**,*,,,,,,,,,,,,,*,,,,*,,,,~


You could see the friendly Amnanu the knight, a komodo dragon, a steam dragon, a
water moccasin and a wolf (ally target).

Vanquished Creatures
  Gastronok (D:9)
  2 azure jellies (IceCv)
  A quicksilver ooze (IceCv)
  A boulder beetle (D:10)
  Erolcha (D:9)
  A centaur warrior (D:10)
  A two-headed ogre (D:11)
  A manticore (D:11)
  2 cyclopes
  2 cane toads (Lair:1)
  Psyche (D:10)
  Maggie (D:9)
  3 trolls
  A queen bee (D:11)
  Grinder (D:3)
  A hornet (D:10)
  3 slime creatures (IceCv)
  3 wyverns
  16 yaks
  2 steam dragons
  An acid dragon (D:10)
  4 water moccasins
  Duvessa (D:5)
  5 orc warriors
  A sky beast (D:7)
  2 black bears
  2 great orb of eyes simulacra (IceCv)
  2 ogres
  4 wolves
  A centaur (D:7)
  A phantom (D:3)
  6 kobold brigands
  2 slime creature simulacra (IceCv)
  2 necrophages
  10 bullfrogs
  A gnoll sergeant (D:9)
  2 glowing shapeshifter simulacra (IceCv)
  5 scorpions
  15 wights
  Dowan (D:5)
  9 killer bees (D:11)
  11 howler monkeys
  2 jellies
  4 orc priests
  A gnoll bouda (D:7)
  5 iguanas
  12 orc wizards
  Terence (D:2)
  A statue (D:8)
  5 shapeshifter simulacra (IceCv)
  11 gnolls
  7 adders
  3 river rats
  3 shadow imps (D:7)
  4 white imps
  3 ufetubi
  4 worms
  4 dart slugs
  37 orcs
  9 endoplasms
  4 giant cockroaches
  5 goblins
  10 hobgoblins
  2 jackals (D:4)
  3 quokkas
  15 ball pythons
  4 bats
  A frilled lizard (D:1)
  24 kobolds
  13 rats
330 creatures vanquished.

Vanquished Creatures (collateral kills)
  A quicksilver ooze (IceCv)
  Harold (D:10)
  2 ice statues (IceCv)
  A kobold demonologist (D:10)
  A komodo dragon (D:10)
  A rime drake (Lair:1)
  An unseen horror (D:11)
  A slime creature (IceCv)
  A wyvern (D:10)
  Grum (D:10)
  2 yaks (Lair:1)
  A water moccasin (Lair:1)
  3 ice beasts (D:7)
  An orc warrior (D:11)
  2 wolves (D:10)
  A gnoll sergeant (D:11)
  2 glowing shapeshifter simulacra (IceCv)
  5 killer bees (D:11)
  A hound (D:7)
  A jelly (D:7)
  An orc wizard (D:10)
  2 gnolls (D:11)
  6 orcs (D:10)
39 creatures vanquished.

Vanquished Creatures (others)
  A two-headed ogre (D:10)
  2 ancestors
  2 knights (D:10)
  19 fungi
  2 plants (Lair:1)
26 creatures vanquished.

Grand Total: 395 creatures vanquished

Notes
Turn   | Place    | Note
-------+----------+-------------------------------------------
     0 | D:1      | Newt the Kobold Hunter began the quest for the Orb.
     0 | D:1      | Reached XP level 1. HP: 12/12 MP: 1/1
   227 | D:1      | Reached XP level 2. HP: 18/18 MP: 2/2
   685 | D:2      | Reached XP level 3. HP: 24/24 MP: 3/3
   753 | D:2      | Noticed Terence
  1406 | D:2      | Killed Terence
  1407 | D:2      | Reached XP level 4. HP: 18/30 MP: 4/4
  1781 | D:3      | Found a faded altar of an unknown god.
  1940 | D:3      | Noticed Grinder
  1944 | D:3      | Noticed a phantom
  1946 | D:3      | Killed Grinder
  1947 | D:3      | Reached skill level 5 in Fighting
  1947 | D:3      | Reached skill level 7 in Ranged Weapons
  1947 | D:3      | Reached XP level 5. HP: 27/35 MP: 5/5
  1947 | D:3      | Reached XP level 6. HP: 31/40 MP: 6/6
  1966 | D:3      | Reached skill level 8 in Ranged Weapons
  2205 | D:3      | Found a shimmering altar of Xom.
  2278 | D:3      | Found a transporter.
  2299 | D:3      | Reached XP level 7. HP: 44/44 MP: 7/7
  2471 | D:3      | Reached skill level 9 in Ranged Weapons
  2475 | D:3      | HP: 2/44 [orc priest/nerve-wracking pain (13)]
  2731 | D:3      | Found a transporter.
  3168 | D:4      | Found a glowing drain.
  3182 | Sewer    | Entered a sewer
  3824 | Sewer    | Reached skill level 5 in Dodging
  3948 | D:4      | Reached XP level 8. HP: 49/49 MP: 8/8
  4350 | D:4      | Found Nemu's Weapon Emporium.
  4487 | D:4      | Found a sparkling altar of Nemelex Xobeh.
  4500 | D:5      | Entered Level 5 of the Dungeon
  4743 | D:5      | Reached skill level 10 in Ranged Weapons
  4855 | D:5      | Reached skill level 11 in Ranged Weapons
  4896 | D:5      | Identified the +7 hand axe of the Extremes {spect, rCorr
                  | Int+4}
  4961 | D:5      | Reached skill level 12 in Ranged Weapons
  4961 | D:5      | Reached XP level 9. HP: 54/54 MP: 9/9
  5043 | D:5      | Noticed Dowan
  5045 | D:5      | Killed Dowan
  5175 | D:5      | Found a hazy altar of Hepliaklqana.
  5207 | D:5      | Noticed Duvessa
  5212 | D:5      | Killed Duvessa
  5213 | D:5      | Reached skill level 13 in Ranged Weapons
  5234 | D:5      | Became a worshipper of Hepliaklqana the Forgotten
  5820 | D:6      | Found Arixkoic's Assorted Antiques.
  5826 | D:6      | Bought a scroll of enchant weapon for 195 gold pieces
  6308 | D:6      | Reached skill level 14 in Ranged Weapons
  6316 | D:6      | Found a snail-covered altar of Cheibriados.
  7237 | D:7      | Reached skill level 5 in Evocations
  7289 | D:7      | Reached * piety under Hepliaklqana
  7330 | D:7      | Reached XP level 10. HP: 53/53 MP: 10/10
  7573 | D:7      | Found a staircase to the Ecumenical Temple.
  7861 | D:7      | Found a shimmering blue altar of Sif Muna.
  7918 | D:7      | Reached skill level 1 in Invocations
  7923 | D:7      | Found a broken altar of Ashenzari.
  8689 | D:8      | Reached skill level 5 in Invocations
  8762 | D:8      | Found a radiant altar of Vehumet.
  8996 | D:9      | Reached skill level 15 in Ranged Weapons
  8998 | D:9      | Reached XP level 11. HP: 44/61 MP: 12/14
  9078 | D:9      | Noticed Gastronok
  9088 | D:9      | Killed Gastronok
  9089 | D:9      | Reached skill level 16 in Ranged Weapons
  9332 | D:9      | Noticed Erolcha
  9335 | D:9      | Killed Erolcha
  9404 | D:9      | Noticed Maggie
  9408 | D:9      | Killed Maggie
  9651 | D:9      | Reached skill level 5 in Armour
  9788 | D:9      | Found The Oracle's Delphic Readings.
  9792 | D:9      | Bought a scroll of identify for 32 gold pieces
  9792 | D:9      | Bought a scroll of enchant weapon for 120 gold pieces
  9792 | D:9      | Bought a scroll of identify for 32 gold pieces
  9901 | D:10     | Entered Level 10 of the Dungeon
  9968 | D:10     | Found a white marble altar of Elyvilon.
 10005 | D:10     | Found Zin's Purification Station.
 10008 | D:10     | Found a glowing silver altar of Zin.
 10061 | D:10     | Reached ** piety under Hepliaklqana
 10062 | D:10     | Remembered your ancestor Amnanu as a knight
 10063 | D:10     | Gained mutation: You occasionally lose the ability to read
                  | scrolls when taking damage. [potion of mutation]
 10063 | D:10     | Gained mutation: Your body sometimes deteriorates upon
                  | taking damage. [potion of mutation]
 10063 | D:10     | Gained mutation: You have a pair of small horns on your
                  | head. [potion of mutation]
 10064 | D:10     | Lost mutation: You occasionally lose the ability to read
                  | scrolls when taking damage. [potion of mutation]
 10064 | D:10     | Lost mutation: Your body sometimes deteriorates upon taking
                  | damage. [potion of mutation]
 10064 | D:10     | Lost mutation: You have a pair of small horns on your head.
                  | [potion of mutation]
 10064 | D:10     | Gained mutation: You are weak. (Str -2) [potion of
                  | mutation]
 10064 | D:10     | Gained mutation: You have large cloven feet. [potion of
                  | mutation]
 10064 | D:10     | Gained mutation: You have hoof-like feet. [potion of
                  | mutation]
 10073 | D:10     | Noticed Psyche
 10076 | D:10     | Killed Psyche
 10145 | D:10     | Reached skill level 1 in Spellcasting
 10286 | D:10     | Noticed a boulder beetle
 10289 | D:10     | Noticed a two-headed ogre
 10293 | D:10     | Noticed a cyclops
 10308 | D:10     | Noticed Grum
 10309 | D:10     | Noticed a centaur warrior
 10448 | D:10     | Killed a two-headed ogre
 10453 | D:10     | Killed a centaur warrior
 10454 | D:10     | Reached XP level 12. HP: 42/65 MP: 16/18
 10541 | D:10     | Noticed Harold
 10547 | D:10     | Killed Harold
 10548 | D:10     | Reached skill level 5 in Spellcasting
 10634 | D:10     | Found Tuethise's Antique Weapon Shop.
 10675 | D:10     | Killed a boulder beetle
 10781 | D:10     | Killed Grum
 11162 | D:11     | Noticed a two-headed ogre
 11167 | D:11     | Killed a two-headed ogre
 11321 | D:11     | Found a staircase to the Lair.
 11461 | D:11     | Reached skill level 10 in Dodging
 11639 | D:11     | Found Weiwyhuh's Armour Shoppe.
 12072 | Lair:1   | Entered Level 1 of the Lair of Beasts
 12214 | Lair:1   | Found a frozen archway.
 12222 | IceCv    | Entered an ice cave
 12256 | IceCv    | Reached XP level 13. HP: 70/70 MP: 22/22
 12315 | IceCv    | Identified the ring of Sunlight {rElec rC+ Str+2 Int-5
                  | Dex+6}
 12319 | IceCv    | Reached *** piety under Hepliaklqana
 12412 | IceCv    | Noticed a quicksilver ooze
 12416 | IceCv    | Killed a quicksilver ooze
 12417 | IceCv    | Reached skill level 10 in Evocations
 12573 | IceCv    | Noticed a quicksilver ooze
 12579 | IceCv    | Killed a quicksilver ooze
 12617 | IceCv    | Reached skill level 17 in Ranged Weapons
 12991 | IceCv    | Found a viscous altar of Jiyva.
 12991 | IceCv    | Noticed an azure jelly
 12994 | IceCv    | Noticed an azure jelly
 12996 | IceCv    | Killed an azure jelly
 12999 | IceCv    | Killed an azure jelly
 13350 | IceCv    | Got the Tractate on the Crevasse
 13351 | IceCv    | Identified the ring of Vanym {Will- rCorr AC+4 Int+2 Dex+3}
 13468 | Lair:1   | Reached skill level 18 in Ranged Weapons
 13556 | Lair:1   | Slain by a komodo dragon

Illustrated notes

Levels and vault maps discovered:
D:1:      nicolae_arrival_washed_ashore, layout_basic, feat_on_display
D:2:      layout_loops_ring, minmay_tripent, uniq_terence
D:3:      layout_loops_corners, old_standard_altar,
          gammafunk_ghost_abyssal_escape, nicolae_ecumenical_pavilion,
          uniq_grinder
D:4:      layout_cave_pools, nemelex_diamond_rough_becter,
          cheibrodos_sewer_entry_sluice, serial_shops, nicolae_take_the_stairs
D:5:      layout_basic, worldfamousw_hep_ancestral_shrine,
          hangedman_abyss_or_decor_passed, dreamdust_mushroom_princess,
          uniq_duvessa
D:6:      layout_loops_corners, kennysheep_slug_shrine, serial_shops,
          nicolae_shop_advertising_works [nicolae_subvault_shop_adworks],
          st_stairs_14
D:7:      minmay_bubble_buster, layout_basic, ashenzari_altar_1, led_sif_book,
          minmay_temple_entry_trees, grunt_decor_resistance
D:8:      layout_basic, vehumet_statue, serial_corexii_hall,
          corexii_hall_statues_s, corexii_hall_statues_x,
          corexii_hall_statues_deadend
D:9:      layout_loops_ring, minmay_tree_intersection,
          nicolae_nh_oracle_at_delphi, uniq_maggie, uniq_gastronok, uniq_erolcha
D:10:     hangedman_cross_stitches, layout_rooms,
          mainiacjoe_overflow_cross_hatched, zin_purify, serial_shops, shop,
          uniq_harold, uniq_psyche, uniq_grum
D:11:     layout_loops_ring, lair_entry_dummy, serial_shops,
          nicolae_shop_hallway_plus, special_room [special_room_bee]
Lair:1:   layout_long_grid, portal_ice_cave_entry_pillars_2, st_stairs_5,
          serial_bayou_pond_e, lemuel_old_faithful, serial_bayou_shore_a

Skill      XL: |  1  2  3  4  5  6  7  8  9 10 11 12 13 |
---------------+----------------------------------------+-----
Fighting       | 3 4 5 8 |  8.5
Ranged Weapons | 7 8 9 12 14 15 16 18 | 18.0
Dodging        | 6 10 | 10.0
Evocations     | 6 9 10 | 10.0
Invocations    | 5 |  5.0
Armour         | 6 |  6.0
Spellcasting   | 4 6 |  6.0
Stealth        | |  1.3

Action                     |  1- 3 |  4- 6 |  7- 9 | 10-12 | 13-15 || total
---------------------------+-------+-------+-------+-------+-------++-------
  Melee: Arbalest          |       |       |       |     1 |       ||     1
   Fire: Shortbow          |    72 |    39 |   293 |    27 |       ||   431
         Arbalest          |       |       |       |   319 |    77 ||   396
 Invoke: Ancestor Life: Kn |       |       |       |     1 |       ||     1
         Transference      |       |       |       |       |     1 ||     1
    Use: Scroll            |     5 |     3 |     4 |    12 |     2 ||    26
         Potion            |     3 |     3 |     5 |     2 |     1 ||    14
 Armour: Leather armour    |     9 |     4 |    44 |       |       ||    57
         Chain mail        |       |       |       |    35 |       ||    35
         Troll leather arm |       |       |       |    12 |       ||    12
         Ring mail         |       |       |       |       |    13 ||    13
  Dodge: Dodged            |    50 |    28 |   172 |   128 |    95 ||   473

Table legend: (Time is in decaauts)
 A = Elapsed time spent in this place.
 B = Non-inter-level travel time spent in this place.
 C = Inter-level travel time spent in this place.
 D = Time resting spent in this place.
 E = Time spent auto-exploring this place.
 F = Levels seen in this place.
 G = Mean time per level.
                   A        B        C        D        E       F      G
               +--------+--------+--------+--------+--------+-----+--------+
         Total |  14075 |  13375 |    700 |   1664 |   9574 |  14 | 1005.4 |
       Dungeon |  11661 |  10961 |    700 |    995 |   8392 |  11 | 1060.1 |
          Lair |    268 |    268 |      0 |      0 |     99 |   1 |  268.0 |
         Sewer |    909 |    909 |      0 |      0 |    730 |   1 |  909.0 |
      Ice Cave |   1234 |   1234 |      0 |    669 |    352 |   1 | 1234.0 |
               +--------+--------+--------+--------+--------+-----+--------+

Top non-repeatable levels by time:
     D:5: 1423 daAuts
     D:3: 1383 daAuts
     D:6: 1246 daAuts
   IceCv: 1234 daAuts
    D:10: 1205 daAuts
    D:11: 988 daAuts
     D:1: 966 daAuts
     D:9: 962 daAuts
     D:8: 944 daAuts
     D:7: 941 daAuts
   Sewer: 909 daAuts
     D:2: 866 daAuts
     D:4: 733 daAuts
  Lair:1: 268 daAuts
